 Dungeon Crawl Stone Soup version 0.29.1-13-g9f3cf754e1 (webtiles) character file.

Game seed: 10243979359116271925

10907 croobank the Conjurer (level 11, -11/126 HPs)
             Began as a Demonspawn Conjurer on Feb 6, 2023.
             Was an Initiate of Gozag.
             Killed from afar by an ice statue (30 damage)
             ... with a bolt of cold
             ... on level 9 of the Dungeon.
             The game lasted 00:41:36 (15542 turns).

croobank the Conjurer (Demonspawn Conjurer)        Turns: 15542, Time: 00:41:37

Health: -11/126    AC: 10    Str: 11    XL:     11   Next: 42%
Magic:  12/20      EV: 14    Int: 24    God:    Gozag
Gold:   1585       SH:  0    Dex: 12    Spells: 13/23 levels left

rFire   . . .      SeeInvis .   a - +9 dagger "Goblinbane" {vorpal, rCorr Str+4}
rCold   . . .      Faith    .   (no shield)
rNeg    + . .      Spirit   .   x - +2 robe {rN+}
rPois   +          Reflect  .   (helmet restricted)
rElec   .          Harm     .   E - +0 cloak
rCorr   +          Rampage  .   N - +0 pair of gloves
Will    .....                   R - +1 pair of boots
Stlth   ..........              (no amulet)
HPRegen 0.31/turn               G - +4 ring of slaying
MPRegen 0.17/turn               K - ring of poison resistance

@: berserking, very quick
A: antennae 2, yellow scales 1, foul stench 1, spiny 3
a: Renounce Religion, Potion Petition, Call Merchant, Bribe Branch


You were on level 9 of the Dungeon.
You worshipped Gozag.
Gozag was most pleased with you.
You visited 2 branches of the dungeon, and saw 10 of its levels.

You collected 1728 gold pieces.
You paid 143 gold pieces to Gozag.

Inventory:

Hand Weapons
 a - the +9 dagger "Goblinbane" (weapon) {vorpal, rCorr Str+4}
   (You found it on level 2 of the Dungeon)

   It inflicts extra damage upon your enemies.
   Str:       It affects your strength (+4).
   rCorr:     It protects you from acid and corrosion.
 b - a +1 sling of flaming
 f - a +1 flail of protection
 h - a +1 long sword
 j - a +1 short sword of venom
 m - a +4 trident of freezing
 v - a +5 scythe of protection
 z - a +0 war axe
 C - a +2 dagger of electrocution
 D - a +0 short sword of flaming
Missiles
 g - 6 boomerangs
 o - 46 poisoned darts
 H - 2 curare-tipped darts
 O - 3 boomerangs of dispersal
Armour
 x - a +2 robe of positive energy (worn)
 E - a +0 cloak (worn)
 I - a +1 leather armour of fire resistance
 N - a +0 pair of gloves (worn)
 R - a +1 pair of boots (worn)
Jewellery
 G - a +4 ring of slaying (left hand)
 K - a ring of poison resistance (right hand)
 Q - a ring of fire
Wands
 n - a wand of paralysis (13)
 t - a wand of flame (41)
 L - a wand of iceblast (20)
Scrolls
 c - 2 scrolls of blinking
 e - a scroll of butterflies
 i - 2 scrolls of poison {unknown}
 l - a scroll of amnesia
 q - a scroll of fear {unknown}
 s - a scroll of brand weapon {unknown}
 y - 6 scrolls of teleportation
 A - a scroll of enchant armour {unknown}
 B - 2 scrolls of magic mapping {unknown}
 M - 4 scrolls of identify
 P - a scroll of immolation {unknown}
Potions
 d - 5 potions of curing
 k - a potion of heal wounds
 p - 2 potions of invisibility
 r - a potion of berserk rage
 u - 2 potions of might
 w - a potion of flight
 F - a potion of magic
 J - a potion of attraction


   Skills:
 + Level 7.6 Fighting
 + Level 5.8 Short Blades
 + Level 6.5 Dodging
 + Level 7.1 Stealth
 + Level 6.5 Spellcasting
 + Level 7.9 Conjurations
 + Level 6.6 Hexes


You had 13 spell levels left.
You knew the following spells:

 Your Spells              Type           Power      Damage    Failure   Level
a - Magic Dart            Conj           100%       1d8       1%          1
b - Searing Ray           Conj           90%        2d7       1%          2
c - Dazzling Flash        Conj/Hex       84%        N/A       1%          3
d - Fulminant Prism       Conj/Hex       21%        3d13      3%          4

Your spell library contained the following spells:

 Spells                   Type           Power      Damage    Failure   Level
 Tukima's Dance           Hex            39%        N/A       1%          3
 Static Discharge         Conj/Air       26%        3-7/arc   2%          2
 Conjure Flame            Conj/Fire      26%        6-21      4%          3
 Portal Projectile        Hex/Tloc       46%        N/A       6%          3
 Sting                    Tmut/Pois      28%        1d4       8%          1
 Poisonous Vapours        Pois/Air       14%        N/A       12%         2
 Iskenderun's Mystic Bla  Conj/Tloc      26%        2d7       14%         4
 Sticky Flame             Conj/Fire      26%        2d5       14%         4
 Ignite Poison            Fire/Tmut/Pois 7%         N/A       22%         3
 Dispel Undead            Necr           7%         3d8       58%         4
 Olgreb's Toxic Radiance  Pois           7%         N/A       58%         4
 Blade Hands              Tmut           3%         N/A       91%         5


Dungeon Overview and Level Annotations

Branches:
Dungeon (9/15)             Temple (1/1) D:6             Orc (0/2) D:9
   Lair: D:8-11

Altars:
Ashenzari
Cheibriados
Dithmenos
Fedhas
Gozag
Hepliaklqana
Kikubaaqudgha
Makhleb
Nemelex Xobeh
Okawaru
Qazlal
Ru
Sif Muna
Trog
Uskayaw
Vehumet
Wu Jian
Xom
Yredelemnul

Shops:
D:5 =

Annotations:
D:9 2 runed translucent doors, exclusion: ice statue, sanboga's ghost, journeyman DrBe


Innate Abilities, Weirdness & Mutations

You have a pair of antennae on your head.
You are partially covered in yellow scales. (AC +2)
You may rarely emit foul miasma when damaged in melee.
You are completely covered in sharp spines.


Message History

You barely miss the ice statue.
The ice statue is moderately damaged.
The ice statue gestures.
You puncture the ice statue!
The ice statue is heavily damaged.
You puncture the ice statue!
The ice statue is severely damaged.
The ice statue gestures at you. The bolt of cold hits you!!
The bolt of cold hits the ice beast.
The ice beast completely resists.
The ice beast is struck by your spines. The ice beast completely misses you.
You hit the ice statue but do no damage.
The ice statue is severely damaged.
The ice beast is struck by your spines.
The ice beast hits you but does no damage.
You puncture the ice statue!
The ice statue is severely damaged.
The ice beast misses you. The ice statue gestures at you.
The shard of ice hits you!!
* * * LOW HITPOINT WARNING * * *
A red film seems to cover your vision as you go berserk!
You feel yourself moving faster!
You feel mighty! The ice beast is struck by your spines.
The ice beast barely misses you.
The ice beast hits you but does no damage.
The ice statue gestures at you. The bolt of cold hits you!
* * * LOW HITPOINT WARNING * * *
The bolt of cold hits the ice beast.
The ice beast completely resists.
You hit the ice statue.
The ice statue is almost destroyed.
The ice beast hits you but does no damage.
The ice beast is struck by your spines. The ice beast misses you.
You hit the ice statue.
The ice statue is almost destroyed.
The ice statue glitters chillingly in the dim dungeon light.
The ice statue gestures at you. The bolt of cold hits you!!
You die...
Your body crumbles into a pile of gold.

....#########........#########...
....# ##########..............
....# ##........#######........
....# ##..........## #........
....####............# #........
......##............## #..).....
......#...########...# #........
..#+###..##.8..8.##..####...[####
'##..#..##.....Y@.##..#...[..#
....##.##..######Y.##.##....)#
....#..#.^##..≈..#..#..#.....#
....#.##.##≈....§##!#..#..)..#
..###.#..#..#>⌠#. #.^#.#.....#
###.#.#..#..#..#. #..#.#.[...#
....#.##.##≈.....##.##.#.....####
....#..#..##.§≈.##.....#.........
....#..##..######..##.#[.........


You could see an ice statue and 2 ice beasts.

Vanquished Creatures
  A hydra (D:8)
  A catoblepas (D:9)
  3 two-headed ogres (D:9)
  Joseph (D:9)
  2 hornets
  Sigmund (D:4)
  3 wyverns
  2 shadows
  A wraith (D:8)
  A basilisk (D:9)
  14 yaks
  An ice beast (D:7)
  7 orc warriors
  An ogre (D:7)
  A sky beast (D:8)
  A boggart (D:9)
  3 centaurs (D:9)
  A phantom (D:6)
  3 kobold brigands
  2 necrophages
  4 bullfrogs
  3 scorpions
  3 gnoll sergeants
  7 wights
  A killer bee (D:9)
  A howler monkey (D:9)
  4 hounds
  A jelly (D:5)
  9 orc priests
  Jessica (D:2)
  2 gnoll boudas
  4 iguanas
  Natasha (thrice) (D:2)
  6 orc wizards
  Robin (D:2)
  27 gnolls
  5 adders
  2 white imps
  2 ufetubi
  A worm (D:2)
  43 orcs
  6 bats
  6 endoplasms
  3 giant cockroaches
  17 goblins
  4 hobgoblins
  12 jackals
  6 quokkas
  7 ball pythons
  A frilled lizard (D:2)
  27 kobolds
  8 rats
  A spectral kobold (D:2)
  2 fulminant prisms (D:9)
280 creatures vanquished.

Vanquished Creatures (others)
  25 fulminant prisms
  5 plants (D:5)
30 creatures vanquished.

Grand Total: 310 creatures vanquished

Notes
Turn   | Place    | Note
-------+----------+-------------------------------------------
     0 | D:1      | croobank the Demonspawn Conjurer began the quest for the
                  | Orb.
     0 | D:1      | Reached XP level 1. HP: 13/13 MP: 3/3
   408 | D:1      | Gained mutation: You have a pair of small antennae on your
                  | head. [demonic ancestry]
   408 | D:1      | Reached XP level 2. HP: 19/19 MP: 0/5
   411 | D:1      | Learned a level 2 spell: Searing Ray
  1381 | D:2      | Gained mutation: You are partially covered in yellow
                  | scales. (AC +2) [demonic ancestry]
  1381 | D:2      | Reached XP level 3. HP: 24/24 MP: 1/6
  1431 | D:2      | Learned a level 3 spell: Dazzling Flash
  1587 | D:2      | Noticed Robin
  1856 | D:2      | Identified the +9 dagger "Goblinbane" {vorpal, rCorr Str+4}
  1897 | D:2      | Reached skill level 1 in Fighting
  1975 | D:2      | Gained mutation: You are partially covered in sharp spines.
                  | [demonic ancestry]
  1975 | D:2      | Reached XP level 4. HP: 32/32 MP: 4/7
  2074 | D:2      | Killed Robin
  2273 | D:2      | Noticed Jessica
  2276 | D:2      | Killed Jessica
  2423 | D:2      | Found a faded altar of an unknown god.
  2554 | D:2      | Noticed Natasha
  2566 | D:2      | Killed Natasha
  2567 | D:2      | Reached skill level 1 in Hexes
  2567 | D:2      | Gained mutation: You have a pair of antennae on your head.
                  | [demonic ancestry]
  2567 | D:2      | Reached XP level 5. HP: 6/38 MP: 1/8
  2833 | D:2      | Noticed Natasha
  2837 | D:2      | Killed Natasha
  3027 | D:2      | Noticed Natasha
  3038 | D:2      | Killed Natasha
  3642 | D:3      | Reached skill level 1 in Short Blades
  3862 | D:3      | Found an iron altar of Okawaru.
  4541 | D:4      | Noticed Sigmund
  4557 | D:4      | Killed Sigmund
  4558 | D:4      | Gained mutation: You are mostly covered in sharp spines.
                  | [demonic ancestry]
  4558 | D:4      | Reached XP level 6. HP: 20/47 MP: 8/10
  5180 | D:4      | Reached XP level 7. HP: 43/52 MP: 8/11
  5331 | D:5      | Entered Level 5 of the Dungeon
  5474 | D:5      | Found Amaynaxt's Jewellery Emporium.
  5614 | D:5      | Reached skill level 5 in Conjurations
  7069 | D:6      | Reached XP level 8. HP: 42/60 MP: 4/13
  7592 | D:6      | Found a staircase to the Ecumenical Temple.
  7597 | Temple   | Entered the Ecumenical Temple
  7730 | Temple   | Became a worshipper of Gozag Ym Sagoz the Greedy
  9043 | D:7      | Reached skill level 5 in Fighting
  9089 | D:7      | Learned a level 4 spell: Fulminant Prism
  9278 | D:7      | Reached XP level 9. HP: 50/68 MP: 8/15
  9902 | D:7      | Reached skill level 5 in Stealth
 10371 | D:8      | Noticed a seven-headed hydra
 10382 | D:8      | Killed a seven-headed hydra
 10692 | D:8      | Reached skill level 5 in Dodging
 10692 | D:8      | Reached skill level 5 in Spellcasting
 10956 | D:8      | Reached skill level 5 in Hexes
 10956 | D:8      | Gained mutation: You may rarely emit foul miasma when
                  | damaged in melee. [demonic ancestry]
 10956 | D:8      | Reached XP level 10. HP: 61/76 MP: 12/17
 12088 | D:9      | Found a staircase to the Orcish Mines.
 12111 | D:9      | HP: 3/77 [orc warrior/bolt (14)]
 12121 | D:9      | HP: 1/77 [orc warrior/bolt (14)]
 12950 | D:9      | Paralysed by a hornet for 3 turns
 12955 | D:9      | Reached skill level 5 in Short Blades
 12958 | D:9      | Noticed a two-headed ogre
 13185 | D:9      | Noticed a two-headed ogre
 13197 | D:9      | Killed a two-headed ogre
 13229 | D:9      | Noticed a catoblepas
 13724 | D:9      | Noticed a two-headed ogre
 13730 | D:9      | Killed a two-headed ogre
 13731 | D:9      | Gained mutation: You are completely covered in sharp
                  | spines. [demonic ancestry]
 13731 | D:9      | Reached XP level 11. HP: 84/84 MP: 6/20
 13856 | D:9      | Found a large runed translucent door.
 13856 | D:9      | Found a large runed translucent door.
 13906 | D:9      | Noticed sanboga's ghost (journeyman DrBe)
 13929 | D:9      | Noticed Joseph
 13942 | D:9      | Killed Joseph
 14516 | D:9      | Noticed a two-headed ogre
 14524 | D:9      | Killed a two-headed ogre
 14902 | D:9      | Killed a catoblepas
 15542 | D:9      | Killed from afar by an ice statue

Illustrated notes

Levels and vault maps discovered:
D:1:      dpeg_arrival_erosion, layout_loops_ring
D:2:      layout_basic, dreamdust_ecumenical_altar_drowned_temple,
          kennysheep_generic_room_12, uniq_jessica, uniq_natasha, uniq_robin
D:3:      layout_basic, okawaru_trees_2
D:4:      layout_gridville, uniq_sigmund
D:5:      wad_woods_pond, layout_basic, serial_shops, nicolae_stop_n_shop_2,
          nicolae_kite_square_tiling_tiny, mrwooster_statue_mirror,
          hangedman_abyss_or_decor_passed
D:6:      layout_basic, minmay_temple_entry_glassed_door, st_stairs_3
D:7:      layout_basic, nrook_mini_backslash
D:8:      layout_basic, minmay_misc_feat_rows, grunt_ministairs_3
D:9:      layout_irregular_city, david_orc_5, ebering_ghost_disaster_area,
          nzn_random_ring, uniq_joseph
Temple:   minmay_crystal_snake_temple

Skill      XL: |  1  2  3  4  5  6  7  8  9 10 11 |
---------------+----------------------------------+-----
Stealth        | 2 3 4 5 6 7 |  7.1
Dodging        | 2 3 4 5 6 |  6.5
Fighting       | 1 3 4 5 6 7 |  7.6
Hexes          | 1 2 3 5 6 |  6.6
Short Blades   | 1 2 3 4 5 |  5.8
Spellcasting   | 3 4 5 6 |  6.5
Conjurations   | 5 6 7 |  7.9

Action                   |  1- 3 |  4- 6 |  7- 9 | 10-12 || total
-------------------------+-------+-------+-------+-------++-------
Melee: Spear             |    18 |       |       |       ||    18
       Short sword       |    18 |       |       |       ||    18
       Dagger            |     6 |    56 |    84 |    76 ||   222
       Punch             |       |       |     1 |     1 ||     2
 Cast: Magic Dart        |    37 |    22 |    55 |    27 ||   141
       Searing Ray       |     9 |    20 |    49 |    46 ||   124
       Dazzling Flash    |     1 |     2 |     4 |     6 ||    13
       Fulminant Prism   |       |       |     1 |    26 ||    27
  Use: Potion            |     1 |       |       |     4 ||     5
       Scroll            |       |       |    15 |       ||    15
 Stab: Sleeping          |     2 |     3 |     2 |       ||     7
       Invisible         |     1 |       |       |     1 ||     2
Armor: Robe              |    10 |    14 |    22 |    23 ||    69
Dodge: Dodged            |    34 |    37 |    76 |    81 ||   228
